 Dungeon Crawl Stone Soup version 0.22-a0-223-g0f5d773 (webtiles) character file.

450 tilp the Ruffian (level 6, -4/59 HPs)
             Began as a Troll Monk on Feb 18, 2018.
             Was a Believer of Wu Jian.
             Slain by a troll (5 damage)
             ... on level 4 of the Dungeon.
             The game lasted 00:06:30 (2865 turns).

tilp the Ruffian (Troll Monk)                       Turns: 2865, Time: 00:06:31

Health: -4/59      AC:  5    Str: 20    XL:     6   Next: 74%
Magic:  5/5        EV:  7    Int:  6    God:    Wu Jian [**....]
Gold:   259        SH:  7    Dex: 14    Spells: 5/5 levels left

rFire    . . .     SeeInvis .     - Unarmed
rCold    . . .     Gourm    +   q - +0 shield
rNeg     . . .     Faith    .   a - +0 robe
rPois    .         Spirit   .   (helmet restricted)
rElec    .         Reflect  .   (no cloak)
rCorr    .         Harm     .   (gloves unavailable)
MR       .....                  (boots unavailable)
Stlth    ++........             (no amulet)
HPRegen  0.59/turn              (no ring)
MPRegen  0.09/turn              (no ring)

@: no status effects
A: large, unfitting armour, claws 3, fast metabolism 3, gourmand, regeneration
1, shaggy fur 1, tough skin 2
a: Wall Jump, Renounce Religion


You were on level 4 of the Dungeon.
You worshipped Wu Jian.
Wu Jian was pleased with you.
You were completely stuffed.

You visited 2 branches of the dungeon, and saw 5 of its levels.

You collected 259 gold pieces.

Inventory:

Missiles
 g - 141 stones
 u - 9 tomahawks (quivered)
Armour
 a - a +0 robe (worn)
 q - a +0 shield (worn)
Jewellery
 p - an uncursed ring of stealth {unknown}
Wands
 o - a wand of disintegration (18)
Scrolls
 c - 2 scrolls of enchant weapon {unknown}
 d - 3 scrolls of enchant armour {unknown}
 e - a scroll of random uselessness {unknown}
 f - a scroll of noise {unknown}
 i - 2 scrolls of remove curse {unknown}
 l - 2 scrolls of fear {unknown}
 m - 3 scrolls of amnesia {unknown}
 n - 4 scrolls of identify {unknown}
 v - a scroll of immolation {unknown}
 x - a scroll of teleportation {unknown}
Potions
 h - 2 potions of haste {unknown}
 j - a potion of brilliance {unknown}
 k - a potion of experience {unknown}
 r - a potion of degeneration {unknown}
 s - 3 potions of curing {unknown}
 w - a potion of flight {unknown}
Comestibles
 b - 8 rations
 t - a chunk of flesh


   Skills:
 - Level 2.4 Fighting
 - Level 2.4 Dodging
 - Level 1.0 Stealth
 + Level 7.7 Unarmed Combat


You had 5 spell levels left.
You didn't know any spells.

Dungeon Overview and Level Annotations

Branches:
Dungeon (4/15)             Temple (1/1) D:4

Altars:
Ashenzari
Cheibriados
Dithmenos
Elyvilon
Fedhas
Gozag
Hepliaklqana
Kikubaaqudgha
Makhleb
Nemelex Xobeh
Okawaru
Qazlal
Ru
Sif Muna
Trog
Uskayaw
Vehumet
Wu Jian
Xom
Yredelemnul
The Shining One


Innate Abilities, Weirdness & Mutations

You are too large for most types of armour.
You have claws for hands.
Your metabolism is lightning-fast.
You like to eat raw meat.
Your natural rate of healing is unusually fast.
You are covered in fur. (AC +1)
You have very tough skin. (AC +2)


Message History

The troll is severely wounded.
The troll bites you! You block the troll's attack. The troll claws you.
You scratch the troll.
The troll is severely wounded.
The troll bites you. The troll barely misses you. You block the troll's attack.
You barely miss the troll.
The troll is severely wounded.
The troll completely misses you. The troll closely misses you.
The troll claws you.
You scratch the troll but do no damage.
The troll is severely wounded.
The troll bites you!
* * * LOW HITPOINT WARNING * * *
The troll barely misses you. The troll claws you but does no damage.
You scratch the troll.
The troll is severely wounded.
The troll bites you!
* * * LOW HITPOINT WARNING * * *
The troll claws you.
You die...

#.........#
#.........#.....
##.####...#
#.........####.. #.
#.### ###...............
.. .....#######......
### ####..............
#........###... #
#........##'...
#####.####........###...
...!..T@...######## ####
##########+# ###


You could see a troll.

Vanquished Creatures
  A phantom (D:4)
  An ogre (D:4)
  An orc priest (D:3)
  An iguana (D:4)
  2 orc wizards
  A worker ant (D:4)
  2 gnolls (D:2)
  3 adders
  2 oozes (D:4)
  A worm (D:3)
  4 dart slugs
  2 leopard geckos
  10 orcs
  6 bats
  6 goblins
  3 hobgoblins
  4 jackals (D:4)
  5 kobolds
  5 quokkas
  3 ball pythons
  3 frilled lizards
  8 rats
  A plant (D:2)
75 creatures vanquished.

Notes
Turn   | Place    | Note
-------+----------+-------------------------------------------
     0 | D:1      | tilp the Troll Monk began the quest for the Orb.
     0 | D:1      | Reached XP level 1. HP: 22/22 MP: 0/0
   126 | D:1      | Reached XP level 2. HP: 29/29 MP: 1/1
   441 | D:1      | Reached skill level 4 in Unarmed Combat
   815 | D:2      | Reached XP level 3. HP: 36/36 MP: 2/2
  1264 | D:2      | Reached XP level 4. HP: 35/44 MP: 3/3
  1349 | D:3      | Reached skill level 5 in Unarmed Combat
  1456 | D:3      | Reached XP level 5. HP: 40/50 MP: 4/4
  1713 | D:3      | Found an iron altar of Okawaru.
  1814 | D:3      | Found a sparkling altar of Nemelex Xobeh.
  1916 | D:3      | Reached skill level 6 in Unarmed Combat
  2174 | D:4      | Found a burning altar of Makhleb.
  2302 | D:4      | Found a staircase to the Ecumenical Temple.
  2324 | D:4      | Noticed a phantom
  2342 | Temple   | Entered the Ecumenical Temple
  2505 | Temple   | Became a worshipper of the Wu Jian Council
  2505 | Temple   | Reached * piety under Wu Jian
  2505 | Temple   | Reached ** piety under Wu Jian
  2547 | D:4      | Killed a phantom
  2547 | D:4      | Reached XP level 6. HP: 52/59 MP: 5/5
  2552 | D:4      | Reached skill level 7 in Unarmed Combat
  2856 | D:4      | Noticed a troll
  2865 | D:4      | HP: 1/59 [troll (8)]
  2865 | D:4      | Slain by a troll

Vault maps used:
D:1:      evilmike_arrival_grusome_pit, dk_noncrumbling_3
D:2:      wad_woods_tower
D:3:      old_standard_altar, marbit_many_paths, first_ration
D:4:      overflow_temple_1_default, temple_statues, item_on_display_a
Temple:   regret_index_temple_mists

Skill      XL: |  1  2  3  4  5  6 |
---------------+-------------------+-----
Unarmed Combat | 4 5 6 7 |  7.7
Fighting       | |  2.4
Dodging        | |  2.4
Stealth        | |  1.0

Action                   |  1- 3 |  4- 6 || total
-------------------------+-------+-------++-------
Melee: Unarmed           |    85 |   112 ||   197
       Punch             |     2 |       ||     2
Invok: Lunge             |       |     7 ||     7
 Abil: Wall Jump         |       |     1 ||     1
 Stab: Sleeping          |     1 |     5 ||     6
  Eat: Chunk             |    17 |    15 ||    32
Armor: Robe              |    26 |    42 ||    68
Dodge: Dodged            |    45 |    35 ||    80
Block: Shield            |       |    37 ||    37

Table legend:
 A = Spawn XP
 B = Non-spawn XP
 C = Spawn XP percentage of total XP
 D = Spawn monster count
 E = Non-spawn monster count
 F = Spawn count percentage of total count
 G = Total turns spent on level
                    A         B        C        D         E        F      G
               +---------+---------+-------+---------+---------+-------+---------
         Total |       0 |     643 |   0.0 |       0 |      74 |   0.0 |  2865
               +---------+---------+-------+---------+---------+-------+---------
           D:1 |       0 |      33 |   0.0 |       0 |      18 |   0.0 |   643
           D:2 |       0 |      68 |   0.0 |       0 |      19 |   0.0 |   759
           D:3 |       0 |     144 |   0.0 |       0 |      20 |   0.0 |   772
           D:4 |       0 |     398 |   0.0 |       0 |      17 |   0.0 |   518
               +---------+---------+-------+---------+---------+-------+---------
